 Dungeon Crawl Stone Soup version 0.27.0-1-g7a089689b8 (webtiles) character file.

Game seed: 9088933667261744124

6118 Krazlmac the Fighter (level 10, -19/91 HPs)
             Began as a Minotaur Monk on Aug 11, 2021.
             Was an Elder of Elyvilon.
             Demolished by a very large slime creature (50 damage)
             ... on level 9 of the Dungeon.
             The game lasted 00:27:19 (7107 turns).

Krazlmac the Fighter (Minotaur Monk)                Turns: 7107, Time: 00:27:22

Health: -19/91     AC: 10    Str: 35    XL:     10   Next: 59%
Magic:  14/14      EV: 17    Int: 11    God:    Elyvilon [****..]
Gold:   313        SH:  0    Dex: 18    Spells: 11/16 levels left

rFire    . . .     SeeInvis .   u - +3 mace "Voesyg Bioch" {spect, rN+ Dex+4}
rCold    . . .     Faith    .   (no shield)
rNeg     + . .     Spirit   .   o - +0 steam dragon scales
rPois    .         Reflect  .   (helmet restricted)
rElec    .         Harm     .   E - +1 cloak of Idealism {Regen+ Str+7 Int-3}
rCorr    .         Rampage  .   F - +0 pair of gloves {Dex+3}
Will     .....                  d - +1 pair of boots
Stlth    +++.......             (no amulet)
HPRegen  1.25/turn              t - ring "Jyrolaoxt" {Str+6 Int+6 Dex-4}
MPRegen  0.14/turn              C - +6 ring of strength

@: on berserk cooldown
A: horns 2, retaliatory headbutt
a: Renounce Religion, Lesser Healing, Heal Other, Purification, Greater Healing,
Divine Protection


You were on level 9 of the Dungeon.
You worshipped Elyvilon.
Elyvilon was greatly pleased with you.
You visited 1 branch of the dungeon, and saw 9 of its levels.

You collected 496 gold pieces.
You spent 183 gold pieces at shops.

Inventory:

Hand Weapons
 a - a +1 spear of venom
 f - the +9 longbow of Luenum {freeze, +Blink rN++ rCorr Int-4}
   (You acquired it on level 1 of the Dungeon)

   Any ammunition fired from it freezes those it strikes, dealing additional
   cold damage.
   It can also slow down cold-blooded creatures.
   Int:       It affects your intelligence (-4).
   rN:        It greatly protects you from negative energy.
   +Blink:    It lets you blink.
   rCorr:     It protects you from acid and corrosion.
 u - the +3 mace "Voesyg Bioch" (weapon) {spect, rN+ Dex+4}
   (You found it on level 6 of the Dungeon)

   When its wielder attacks, the weapon's spirit leaps out and strikes again.
   The spirit shares a part of any damage it takes with its wielder.
   Dex:       It affects your dexterity (+4).
   rN:        It protects you from negative energy.
Missiles
 g - 146 arrows
 x - a throwing net
Armour
 b - a +0 robe
 d - a +1 pair of boots (worn)
 i - a +2 cloak
 o - +0 steam dragon scales (worn)
 E - the +1 cloak of Idealism (worn) {Regen+ Str+7 Int-3}
   (You acquired it on level 8 of the Dungeon)

   Str:       It affects your strength (+7).
   Int:       It affects your intelligence (-3).
   Regen:     It increases your rate of health regeneration.
 F - a +0 pair of gloves of dexterity (worn)
Jewellery
 e - a ring of protection from fire
 h - a +4 ring of protection
 r - a ring of see invisible
 t - the ring "Jyrolaoxt" (left hand) {Str+6 Int+6 Dex-4}
   (You found it on level 6 of the Dungeon)

   [ring of strength]

   Str:       It affects your strength (+6).
   Int:       It affects your intelligence (+6).
   Dex:       It affects your dexterity (-4).
 v - a ring of protection from cold
 w - a +4 ring of protection
 C - a +6 ring of strength (right hand)
 D - a ring of flight
Wands
 j - a wand of flame (31)
 s - a wand of digging (6)
 B - a wand of paralysis (6)
Scrolls
 p - 2 scrolls of enchant weapon
 q - 2 scrolls of fear
Potions
 c - a potion of magic
 k - a potion of curing
 l - 4 potions of brilliance
 m - a potion of haste
 z - 2 potions of flight
 A - a potion of ambrosia


   Skills:
 + Level 9.4 Fighting
 - Level 2.4 Maces & Flails
 - Level 4.3 Polearms
 + Level 7.2 Bows
 + Level 8.5 Dodging
 - Level 4.8 Stealth
 + Level 3.7 Spellcasting
 + Level 3.7 Hexes
 + Level 2.1 Summonings


You had 11 spell levels left.
You knew the following spells:

 Your Spells              Type           Power      Damage    Failure   Level
a - Corona                Hex            11%        N/A       5%          1
b - Summon Small Mammal   Summ           24%        N/A       11%         1
c - Summon Guardian Gole  Hex/Summ       8%         N/A       22%         3

Your spell library contained the following spells:

 Spells                   Type           Power      Damage    Failure   Level
 Ensorcelled Hibernation  Hex/Ice        12%        N/A       17%         2
 Animate Skeleton         Necr           4%         N/A       24%         1
 Apportation              Tloc           4%         N/A       24%         1
 Call Canine Familiar     Summ           6%         N/A       30%         3
 Spider Form              Tmut/Pois      1%         N/A       58%         3
 Stone Arrow              Conj/Erth      4%         3d7       58%         3
 Animate Armour           Summ/Erth      8%         N/A       83%         4
 Shadow Creatures         Summ           N/A        N/A       100%        6
 Lehudib's Crystal Spear  Conj/Erth      1%         10d2      100%        8


Dungeon Overview and Level Annotations

Branches:
Dungeon (9/15)             Temple (0/1) D:6            Lair (0/6) D:9
    Orc: D:9-12

Altars:
Elyvilon
Hepliaklqana
Makhleb
Qazlal
Ru
Trog
Xom
Yredelemnul

Shops:
D:2 *   D:8 [


Innate Abilities, Weirdness & Mutations

You have a pair of horns on your head.
You reflexively headbutt those who attack you in melee.


Message History

You headbutt the slime creature! The slime creature barely misses you.
You sock the slime creature! You headbutt the slime creature.
The slime creature is severely wounded.
Two slime creatures merge to form a large slime creature.
The large slime creature completely misses you.
You sock the large slime creature! You headbutt the large slime creature!
The large slime creature is heavily wounded.
The large slime creature closely misses you.
You furiously retaliate!
You headbutt the large slime creature. The large slime creature hits you!!
You hit the large slime creature.
Your headbutt misses the large slime creature.
The large slime creature is heavily wounded.
The large slime creature barely misses you.
A slime creature comes into view.
You barely miss the large slime creature.
The slime creature quivers.
You headbutt the large slime creature!
The large slime creature is severely wounded.
The large slime creature hits you.
The large slime creature completely misses you.
You hit the large slime creature.
The large slime creature is severely wounded.
The large slime creature hits you but does no damage.
Two slime creatures merge to form a very large slime creature.
You sock the very large slime creature!
The very large slime creature is heavily wounded.
The very large slime creature barely misses you.
You furiously retaliate!
You headbutt the very large slime creature!
The very large slime creature closely misses you.
You furiously retaliate!
You headbutt the very large slime creature, but do no damage.
You sock the very large slime creature!
You headbutt the very large slime creature.
The very large slime creature is heavily wounded.
You feel yourself speed up.
The very large slime creature hits you!!! x2
Ouch! That really hurt!
You die...

..................≈
...................
.[.................
.######............
...................
...................
...<...............
..#######)###........
.........<...#@######.
.............#J#
..............#.#
....8.........#.#
........#.....#..
........#.....###
..............#
#............#
#............# .


You could see a very large slime creature.

Vanquished Creatures
  A boulder beetle (D:8)
  The ghost of freelancePsychic the Skirmisher, a novice DsAr of Vehumet (D:8)
  Joseph (D:9)
  3 slime creatures (D:7)
  A wyvern (D:9)
  6 yaks (D:6)
  4 steam dragons
  An orc warrior (D:8)
  A water moccasin (D:8)
  2 ice beasts
  5 sky beasts
  A necrophage (D:6)
  2 wolves (D:9)
  An ogre (D:3)
  A centaur (D:5)
  2 kobold brigands (D:8)
  A wyvern zombie (D:7)
  A bullfrog (D:7)
  2 scorpions
  4 killer bees
  A howler monkey (D:5)
  A hound (D:6)
  A gnoll shaman (D:6)
  4 jellies
  A centaur skeleton (D:7)
  2 orc priests
  A centaur zombie (D:7)
  A bullfrog skeleton (D:7)
  2 iguanas (D:6)
  2 orc wizards
  A killer bee zombie (D:7)
  A hound skeleton (D:4)
  A hound zombie (D:5)
  7 gnolls
  9 adders
  A shadow imp (D:7)
  7 white imps
  2 ufetubi
  2 worms
  2 dart slugs
  23 orcs
  3 bats
  9 endoplasms
  3 giant cockroaches
  A goblin (D:2)
  4 hobgoblins
  3 quokkas
  11 ball pythons
  3 frilled lizards (D:1)
  9 kobolds
  A rat (D:1)
160 creatures vanquished.

Vanquished Creatures (others)
  A troll (D:9)
  A kobold brigand (D:9)
  A gnoll sergeant (D:9)
  A wight (D:9)
  A howler monkey (D:9)
  2 orc wizards (D:9)
7 creatures vanquished.

Grand Total: 167 creatures vanquished

Notes
Turn   | Place    | Note
-------+----------+-------------------------------------------
     0 | D:1      | Krazlmac the Minotaur Monk began the quest for the Orb.
     0 | D:1      | Reached XP level 1. HP: 19/19 MP: 0/0
   191 | D:1      | Reached XP level 2. HP: 27/27 MP: 1/1
   318 | D:1      | Reached skill level 4 in Fighting
   738 | D:1      | Identified a scroll of acquirement
   740 | D:1      | Acquired the +9 longbow of Luenum {freeze, +Blink rN++
                  | rCorr Int-4}
   893 | D:2      | Found Pycerph's General Store.
   963 | D:2      | Bought 10 arrows for 22 gold pieces
   974 | D:2      | Reached XP level 3. HP: 33/33 MP: 2/2
  1047 | D:2      | Noticed a floating eye
  1052 | D:2      | Found a faded altar of an unknown god.
  1054 | D:2      | Noticed a great orb of eyes
  1060 | D:2      | Noticed a floating eye
  1063 | D:2      | Noticed a floating eye
  1492 | D:3      | Reached XP level 4. HP: 41/41 MP: 3/3
  1736 | D:3      | Noticed an ogre
  1740 | D:3      | Killed an ogre
  1741 | D:3      | Reached skill level 1 in Bows
  1741 | D:3      | Reached XP level 5. HP: 47/47 MP: 4/4
  1975 | D:3      | Reached skill level 5 in Fighting
  2185 | D:3      | Found a glowing drain.
  2637 | D:5      | Entered Level 5 of the Dungeon
  2645 | D:5      | Reached XP level 6. HP: 45/56 MP: 5/5
  2698 | D:5      | Noticed a sky beast
  2699 | D:5      | Killed a sky beast
  2700 | D:5      | Reached skill level 5 in Dodging
  2765 | D:5      | Found a stormy altar of Qazlal.
  2838 | D:5      | Noticed a sky beast
  2876 | D:5      | Killed a sky beast
  2877 | D:5      | Reached XP level 7. HP: 46/62 MP: 6/6
  2982 | D:5      | Reached skill level 6 in Fighting
  3129 | D:5      | Found a white marble altar of Elyvilon.
  3190 | D:5      | Became a worshipper of Elyvilon the Healer
  3190 | D:5      | Reached * piety under Elyvilon
  3190 | D:5      | Reached ** piety under Elyvilon
  3373 | D:5      | Learned a level 1 spell: Corona
  3743 | D:6      | Noticed a steam dragon
  3755 | D:6      | Killed a steam dragon
  3786 | D:6      | Reached XP level 8. HP: 71/71 MP: 7/7
  3854 | D:6      | Reached skill level 1 in Spellcasting
  3854 | D:6      | Reached skill level 1 in Hexes
  3857 | D:6      | Reached skill level 7 in Fighting
  3860 | D:6      | Reached skill level 5 in Bows
  3981 | D:6      | Reached XP level 9. HP: 79/79 MP: 11/11
  3996 | D:6      | Found a burning altar of Makhleb.
  4160 | D:6      | Identified the +3 mace "Voesyg Bioch" {spect, rN+ Dex+4}
  4236 | D:6      | Identified the ring "Jyrolaoxt" {Str+6 Int+6 Dex-4}
  4544 | D:6      | Found a staircase to the Ecumenical Temple.
  4606 | D:6      | Reached skill level 1 in Maces & Flails
  5091 | D:7      | Reached skill level 8 in Fighting
  5343 | D:7      | Found a bloodstained altar of Trog.
  5349 | D:7      | Found a sacrificial altar of Ru.
  5350 | D:7      | Found a basalt altar of Yredelemnul.
  5351 | D:7      | Found a hazy altar of Hepliaklqana.
  5430 | D:7      | Reached *** piety under Elyvilon
  5800 | D:7      | Learned a level 1 spell: Summon Small Mammal
  5844 | D:8      | Noticed a boulder beetle
  5873 | D:8      | Killed a boulder beetle
  5874 | D:8      | Reached skill level 1 in Summonings
  5874 | D:8      | Reached XP level 10. HP: 17/90 MP: 11/13
  6284 | D:8      | Found a runed translucent door.
  6285 | D:8      | Noticed freelancePsychic's ghost (novice DsAr)
  6308 | D:8      | Killed freelancePsychic's ghost
  6309 | D:8      | Reached skill level 9 in Fighting
  6493 | D:8      | Learned a level 3 spell: Summon Guardian Golem
  6502 | D:8      | Acquired the +1 cloak of Idealism {Regen+ Str+7 Int-3}
  6724 | D:8      | Found Alil's Armour Shoppe.
  6740 | D:8      | Bought a +0 pair of gloves of dexterity for 161 gold pieces
  6790 | D:8      | Reached **** piety under Elyvilon
  7026 | D:9      | Found a shimmering altar of Xom.
  7026 | D:9      | Found a staircase to the Lair.
  7026 | D:9      | Noticed a two-headed ogre
  7073 | D:9      | Noticed Joseph
  7084 | D:9      | Killed Joseph
  7107 | D:9      | Demolished by a very large slime creature

Illustrated notes

Levels and vault maps discovered:
D:1:      saegor_arrival_under_anarchy, layout_basic, minmay_misc_feat_roman,
          minmay_tromino_v7
D:2:      layout_rooms, serial_shops, shop_fountains,
          hellmonk_ecumenical_altar_watching_god
D:3:      wander_river, layout_basic, portal_sewer_entry_d
D:4:      layout_cave_pools, uniq_eustachio
D:5:      layout_loops_ring, grunt_qazlal_clouds, elyvilon_altar_4,
          minmay_misc_feat_square
D:6:      layout_basic, makhleb_heckhound_becter, minmay_temple_entry_crystal_x,
          st_stairs_4, amethyst_killhole, grunt_decor_fettered, grunt_tough_drop
D:7:      layout_loops_ring, mainiacjoe_overflow_alcove_3,
          chequers_serial_rivers_micro_b
D:8:      layout_basic, gammafunk_ghost_grave, serial_shops,
          nicolae_shop_window_shopping, minmay_fractal_squares_gapless_5
D:9:      layout_stronghold, xom_confusion_cloud, nemelex_spade_bored_becter,
          nicolae_vehumet_radiance, nzn_wu_jian_council_hall, lair_entry_dummy,
          serial_ice, serial_ice_o, serial_ice_f, serial_ice_i, serial_ice_m,
          serial_ice_c, serial_ice_b, serial_ice_h, serial_ice_n, uniq_joseph

Skill      XL: |  1  2  3  4  5  6  7  8  9 10 |
---------------+-------------------------------+-----
Fighting       | 4 5 6 7 8 9 |  9.4
Polearms       | 4 |  4.3
Dodging        | 4 5 6 8 |  8.5
Bows           | 1 2 3 4 5 6 7 |  7.2
Stealth        | 2 3 4 |  4.8
Spellcasting   | 2 3 |  3.7
Hexes          | 2 3 |  3.7
Maces & Flails | 2 |  2.4
Summonings     | 1 2 |  2.1

Action                   |  1- 3 |  4- 6 |  7- 9 | 10-12 || total
-------------------------+-------+-------+-------+-------++-------
Melee: Spear             |    41 |       |       |       ||    41
       Headbutt          |     6 |       |    20 |    17 ||    43
       Longbow           |       |       |     1 |       ||     1
       Mace              |       |       |    55 |    49 ||   104
 Fire: Longbow           |    20 |    63 |   121 |     7 ||   211
 Cast: Corona            |       |       |     3 |       ||     3
       Summon Small Mamm |       |       |       |     2 ||     2
Invok: Lesser Healing    |       |       |     1 |       ||     1
  Use: Potion            |     1 |       |     1 |     1 ||     3
       Scroll            |     4 |     7 |     6 |     4 ||    21
 Stab: Sleeping          |     2 |       |       |     1 ||     3
       Distracted        |       |       |     2 |     2 ||     4
Armor: Robe              |     6 |     9 |     6 |       ||    21
       Steam dragon scal |       |       |    30 |    23 ||    53
Dodge: Dodged            |    20 |     9 |    87 |    53 ||   169
